 Dungeon Crawl Stone Soup version 0.29.1-4-g47bece8355 (webtiles) character file.

Game seed: 10723927744530001610

490 KittyFluff the Cudgeller (level 7, 0/44 HPs)
             Began as a Gargoyle Berserker on Dec 3, 2022.
             Was a Priest of Trog.
             Slain by Prince Ribbit (11 damage)
             ... on level 5 of the Dungeon.
             The game lasted 00:20:12 (5132 turns).

KittyFluff the Cudgeller (Gargoyle Berserker)       Turns: 5132, Time: 00:20:13

Health: 0/44       AC:  9    Str: 23    XL:     7   Next: 14%
Magic:  7/7        EV: 13    Int:  7    God:    Trog [***...]
Gold:   183        SH:  0    Dex: 21    Spells: 6/6 levels left

rFire   . . .      SeeInvis .   a - +0 mace
rCold   . . .      Faith    .   (no shield)
rNeg    + . .      Spirit   .   b - +0 animal skin
rPois   ∞          Reflect  .   (no helmet)
rElec   +          Harm     .   m - +0 cloak
rCorr   .          Rampage  .   (no gloves)
Will    .....                   q - +0 pair of boots
Stlth   ++........              d - amulet of the acrobat
HPRegen 0.14/turn               c - +6 ring of dexterity
MPRegen 0.10/turn               r - +6 ring of dexterity

@: no status effects
A: sickness immunity, AC +4, negative energy resistance 1, electricity
resistance, torment resistance 1, petrification resistance
a: Renounce Religion, Berserk, Trog's Hand


You were on level 5 of the Dungeon.
You worshipped Trog.
Trog was most pleased with you.
You visited 1 branch of the dungeon, and saw 5 of its levels.

You collected 183 gold pieces.

Inventory:

Hand Weapons
 a - a +0 mace (weapon)
 y - a +0 sling
Missiles
 g - 3 boomerangs (quivered)
 k - 48 stones
 n - 9 javelins
 s - 2 throwing nets
 D - 8 poisoned darts
 J - 4 curare-tipped darts
Armour
 b - a +0 animal skin (worn)
 m - a +0 cloak (worn)
 o - a +0 leather armour
 q - a +0 pair of boots (worn)
Jewellery
 c - a +6 ring of dexterity (left hand)
 d - an amulet of the acrobat (around neck)
 f - an amulet of guardian spirit
 r - a +6 ring of dexterity (right hand)
 H - a ring of flight
Wands
 x - a wand of mindburst (21)
 B - a wand of flame (19)
Scrolls
 h - 2 scrolls of butterflies {unknown}
 j - 2 scrolls of teleportation {unknown}
 l - 2 scrolls of enchant weapon {unknown}
 p - 2 scrolls of vulnerability {unknown}
 t - 2 scrolls of noise {unknown}
 w - a scroll of immolation {unknown}
 E - a scroll of poison {unknown}
 G - a scroll of enchant armour {unknown}
 K - a scroll of brand weapon {unknown}
Potions
 e - a potion of flight
 i - 3 potions of curing
 u - a potion of heal wounds
 v - a potion of attraction
 z - a potion of haste {unknown}
 A - a potion of lignification {unknown}
 C - a potion of might {unknown}
 F - a potion of degeneration {unknown}
 I - 2 potions of mutation {unknown}


   Skills:
 + Level 4.6 Fighting
 + Level 5.8 Maces & Flails
 + Level 2.0 Ranged Weapons
 + Level 2.3 Armour
 + Level 2.6 Dodging
 + Level 2.5 Stealth


You had 6 spell levels left.
You didn't know any spells.
Your spell library was empty.

Dungeon Overview and Level Annotations

Branches:
Dungeon (5/15)
 Temple: D:4-7

Altars:
Fedhas
Makhleb
Nemelex Xobeh
Okawaru

Shops:
D:1 ?

Annotations:
D:5 Eustachio, Prince Ribbit


Innate Abilities, Weirdness & Mutations

You are immune to sickness and miasma.
Your stone body is resilient. (AC +4)
You are immune to poison.
You resist negative energy. (rN+)
You are resistant to electric shocks. (rElec)
You are resistant to unholy torment.
You are immune to petrification.


Message History

Prince Ribbit is heavily wounded.
Prince Ribbit hits you! Prince Ribbit hits you.
You hit Prince Ribbit.
Prince Ribbit is severely wounded.
Prince Ribbit closely misses you.
You miss Prince Ribbit.
Prince Ribbit is severely wounded.
Prince Ribbit hits you!
Prince Ribbit hits you but does no damage.
You barely miss Prince Ribbit.
Prince Ribbit is severely wounded.
Prince Ribbit barely misses you.
You miss Prince Ribbit.
Prince Ribbit is severely wounded.
Prince Ribbit barely misses you. Prince Ribbit misses you.
You miss Prince Ribbit.
Prince Ribbit is severely wounded.
Prince Ribbit completely misses you.
You closely miss Prince Ribbit.
Prince Ribbit is severely wounded.
Prince Ribbit blinks!
y - a +0 sling (weapon)
Fire: y) +0 sling
Press: ? - help, Q - select action, (/) - cycle Shift-Dir - straight line, f/p - Prince Ribbit
Aim: Prince Ribbit (severely wounded, 43% to hit)
You shoot a sling bullet. The sling bullet misses Prince Ribbit.
a - a +0 mace (weapon)
You hit Prince Ribbit.
Prince Ribbit is severely wounded.
Prince Ribbit hits you but does no damage.
Prince Ribbit catches a mosquito with his tongue.
Prince Ribbit misses you.
You barely miss Prince Ribbit.
Prince Ribbit is severely wounded.
Prince Ribbit hits you!
* * * LOW HITPOINT WARNING * * *
You closely miss Prince Ribbit.
Prince Ribbit is severely wounded.
Prince Ribbit hits you!
You die...

.##.#.#.####.##
.......#.#..###.#
### #..
#...........# ...
#.. #.##.#..#####
#.###.####.#.#.##
..............# ###
#.....######.#
.....##.....######.#
#.......F@.........#
#....##.....########
............#
....?(..#.###
........#.#
.....#.##.# ##.....
..# .....#. ###
.##.##.


You could see Prince Ribbit.

Vanquished Creatures
  A howler monkey (D:4)
  An orc priest (D:4)
  A hound (D:4)
  Jessica (D:3)
  Terence (D:2)
  An iguana (D:4)
  2 orc wizards (D:4)
  4 gnolls (D:2)
  10 adders
  3 river rats (D:4)
  An ufetubus (D:4)
  2 dart slugs
  3 worms (D:4)
  6 orcs (D:4)
  6 bats
  9 endoplasms
  6 giant cockroaches
  9 goblins
  6 hobgoblins
  A jackal (D:4)
  7 kobolds
  2 quokkas
  7 ball pythons
  6 frilled lizards
  14 rats
110 creatures vanquished.

Notes
Turn   | Place    | Note
-------+----------+-------------------------------------------
     0 | D:1      | KittyFluff the Gargoyle Berserker began the quest for the
                  | Orb.
     0 | D:1      | Reached XP level 1. HP: 14/14 MP: 1/1
   314 | D:1      | Reached XP level 2. HP: 19/19 MP: 2/2
   463 | D:1      | Found Tiar's Magic Scroll Emporium.
   515 | D:1      | Reached XP level 3. HP: 17/24 MP: 3/3
   743 | D:1      | Reached ** piety under Trog
  1179 | D:2      | Found a blossoming altar of Fedhas.
  1426 | D:2      | Found a faded altar of an unknown god.
  1547 | D:2      | Reached XP level 4. HP: 29/29 MP: 4/4
  1604 | D:2      | Noticed Terence
  1614 | D:2      | Killed Terence
  1615 | D:2      | Reached skill level 4 in Maces & Flails
  1615 | D:2      | Reached skill level 1 in Stealth
  1744 | D:2      | You fall into a shaft and drop 1 floor!
  1744 | D:3      | Found an iron altar of Okawaru.
  2391 | D:2      | Reached XP level 5. HP: 18/33 MP: 5/5
  2707 | D:3      | Noticed Jessica
  2710 | D:3      | Killed Jessica
  2835 | D:3      | Reached *** piety under Trog
  2981 | D:3      | Found a burning altar of Makhleb.
  3197 | D:4      | Reached skill level 1 in Ranged Weapons
  3197 | D:4      | Reached XP level 6. HP: 33/38 MP: 6/6
  3288 | D:4      | Reached skill level 5 in Maces & Flails
  3688 | D:4      | Reached XP level 7. HP: 6/44 MP: 7/7
  4968 | D:5      | Entered Level 5 of the Dungeon
  4975 | D:5      | Noticed Eustachio
  4986 | D:5      | Found a sparkling altar of Nemelex Xobeh.
  5112 | D:5      | Noticed Prince Ribbit
  5132 | D:5      | Slain by Prince Ribbit

Illustrated notes

Levels and vault maps discovered:
D:1:      dpeg_arrival_water_altar, layout_basic, serial_shops, shop_fountains
D:2:      layout_rooms, basic_altar, ebering_ecumenical_altar_sacrificial,
          chequers_arboretum, nicolae_hexahallways, kennysheep_pointless_box,
          uniq_terence
D:3:      layout_rooms, okawaru_trees_1, lightli_temple_of_fire,
          minmay_misc_feat_columns, uniq_jessica
D:4:      layout_loops_ring, lightli_sewer_entry_pipes, st_stairs_13
D:5:      layout_loops_ring, slow_altar_2, mainiacjoe_overflow_six_doors_small,
          minmay_temple_entry_tees, uniq_prince_ribbit1, uniq_eustachio

Skill      XL: |  1  2  3  4  5  6 |
---------------+-------------------+-----
Dodging        | 2 |  2.6
Fighting       | 4 |  4.6
Maces & Flails | 4 5 |  5.8
Stealth        | 1 2 |  2.5
Ranged Weapons | 1 2 |  2.0
Armour         | |  2.3

Action                   |  1- 3 |  4- 6 |  7- 9 || total
-------------------------+-------+-------+-------++-------
Melee: Mace              |    85 |   175 |    49 ||   309
       Punch             |     1 |     2 |       ||     3
 Fire: Sling             |       |    23 |     2 ||    25
Invok: Berserk           |     1 |     2 |       ||     3
  Use: Scroll            |       |     4 |       ||     4
 Stab: Sleeping          |     2 |     5 |       ||     7
Armor: Animal skin       |    16 |    62 |    16 ||    94
Dodge: Dodged            |    69 |    97 |    43 ||   209
